Map: New Repugnancy LE

Players

ZaZen

  • Race: Terran Terran
  • League: Silver
  • Spawn Location: 1:00

Chiizu - Winner!

  • Race: Protoss Protoss
  • League: Silver
  • Spawn Location: 7:00

VOD

Have the link to the VOD?

Description

Time

  • Played on: May 18, 2019, 12:33 p.m.
  • Length: 14:44
Show
View Real Time Build Order
Export as new Build Order

ZaZen Terran 

Build Orders:  

Get SALT Encoding   

  12  0:01  SCV  
  13  0:14  SCV  
  13  0:18  Supply Depot  
  14  0:28  SCV, Refinery  
  15  0:41  SCV  
  16  0:45  Barracks  
  16  0:55  SCV  
  17  0:59  Refinery  
  17  1:08  SCV  
  18  1:20  SCV  
  19  1:35  Factory  
  19  1:36  Reaper  
  20  1:43  Orbital Command  
  20  1:49  Supply Depot  
  20  2:08  Reaper  
  20  2:12  SCV  
  22  2:21  Hellion  
  24  2:29  SCV  
  25  2:33  Command Center  
  25  2:40  Reaper  
  25  2:43  Hellion  
  28  2:54  Starport  
  28  3:02  Supply Depot  
  28  3:04  Factory Tech Lab  
  28  3:18  Barracks  
  28  3:25  Cyclone  
  31  3:28  Barracks Reactor  
  31  3:34  Starport Tech Lab  
  28  4:15  SCV  
  28  4:16  SCV  
  28  4:30  Orbital Command  
  26  4:32  Barracks Reactor  
  26  4:33  Marine x2  
  26  4:34  Banshee  
  26  4:37  Siege Tank  
  34  4:51  Orbital Command, Barracks  
  34  4:53  Barracks  
  34  5:03  Marine  
  34  5:04  Marine  
  36  5:08  Marine x2  
  38  5:19  Barracks  
  38  5:29  Siege Tank  
  41  5:42  SCV x2  
  40  5:48  Engineering Bay, Barracks Reactor x2  
  40  5:54  Marine x2  
  42  5:57  Medivac x2  
  42  6:00  Stimpack  
  42  6:01  Marauder  
  48  6:05  SCV x2  
  48  6:10  Refinery  
  50  6:17  SCV  
  50  6:18  SCV  
  52  6:19  Refinery  
  52  6:24  Missile Turret  
  52  6:28  Missile Turret  
  52  6:35  Supply Depot  
  55  6:40  Siege Tank  
  55  6:42  Barracks Reactor  
  55  6:43  Marine x2  
  55  6:44  Marine x3  
  60  6:53  SCV x2  
  62  6:56  Marauder  
  62  6:57  Supply Depot  
  64  7:05  SCV x2  
  66  7:13  Marine x2  
  66  7:14  Marine  
  69  7:17  SCV  
  69  7:19  Marauder  
  72  7:24  Marine x2  
  72  7:28  Supply Depot  
  69  8:00  SCV x2  
  47  8:28  SCV x2  
  49  8:35  Marine x2  
  49  8:36  Marine x5  
  49  8:40  SCV x2, Combat Shield  
  57  8:52  SCV  
  57  8:53  Marine x3  
  53  9:07  SCV x2  
  53  9:13  Terran Infantry Weapons Level 1  
  53  9:15  Command Center  
  53  9:18  Marine  
  53  9:19  SCV x2, Marine x6  
  53  9:23  Raven, Engineering Bay  
  64  9:31  SCV x2  
  66  9:40  Missile Turret  
  66  9:44  SCV x2  
  68  9:46  Supply Depot  
  68  9:52  Terran Infantry Armor Level 1  
  68  9:53  Marine  
  68  9:54  Marine x3  
  68  9:57  SCV x2  
  68  9:59  Concussive Shells  
  74  10:09  SCV  
  75  10:20  SCV  
  76  10:21  SCV  
  76  10:22  Raven  
  76  10:24  Marine x4  
  76  10:25  Marine x3  
  86  10:33  Orbital Command  
  86  10:37  SCV x2  
  86  10:42  Marine x4  
  91  10:49  Marine x2  
  89  10:57  Marine x2  
  89  11:00  Marine x4  
  89  11:03  Siege Tank  
  98  11:07  Marine x2  
  100  11:15  Marine x2  
  102  11:27  Marine x4  
  102  11:31  Banshee  
  109  11:39  Armory  
  109  11:44  Factory  
  109  11:48  Marine x5  
  109  11:49  Supply Depot  
  109  11:52  Supply Depot  
  61  12:34  Factory Tech Lab, Marine x6  
  62  12:51  Marine  
  32  13:21  Orbital Command  
  31  13:30  Orbital Command  
  31  13:33  Orbital Command  
  31  13:49  Marine x3  
Show
View Real Time Build Order
Export as new Build Order

Chiizu Protoss - Winner!

Build Orders: 1 Gate Expand, Dark Templar Rush 

Get SALT Encoding   

  12  0:01  Probe  
  13  0:14  Pylon  
  13  0:18  Probe  
  14  0:26  Probe  
  14  0:35  Probe  
  15  0:40  Gateway  
  16  0:48  Probe  
  17  0:51  Assimilator  
  17  1:00  Probe  
  18  1:12  Probe  
  19  1:26  Probe  
  19  1:28  Nexus  
  20  1:38  Cybernetics Core  
  20  1:41  Probe  
  21  1:53  Assimilator, Probe  
  22  2:01  Pylon  
  22  2:09  Probe  
  22  2:11  Adept  
  25  2:24  Probe  
  26  2:36  Probe  
  27  2:38  Warp Gate  
  27  2:47  Probe, Twilight Council  
  27  2:49  Probe, Adept  
  31  2:59  Probe  
  31  3:02  Probe  
  33  3:06  Pylon  
  33  3:07  Probe  
  34  3:14  Probe  
  34  3:17  Probe  
  36  3:27  Dark Shrine  
  36  3:29  Adept  
  38  3:35  Gateway  
  38  3:36  Gateway  
  38  3:37  Gateway  
  38  3:40  Pylon  
  23  4:26  Probe  
  23  4:30  Probe  
  23  4:38  Probe x2  
  23  4:39  Adept  
  23  4:42  Dark Templar  
  23  4:43  Dark Templar  
  31  4:47  Probe  
  32  4:55  Probe  
  33  5:05  Probe  
  33  5:07  Robotics Facility  
  33  5:11  Probe  
  35  5:17  Probe  
  36  5:24  Probe  
  36  5:26  Zealot x2  
  36  5:27  Zealot x2  
  45  5:29  Probe  
  46  5:39  Probe  
  43  5:46  Probe  
  43  5:47  Probe  
  44  5:54  Probe  
  44  5:55  Probe  
  45  5:57  Charge  
  47  6:04  Zealot, Probe  
  47  6:05  Zealot x3  
  47  6:07  Probe  
  57  6:16  Probe  
  58  6:19  Probe  
  58  6:20  Assimilator  
  59  6:29  Dark Templar, Probe  
  62  6:40  Pylon  
  62  6:44  Pylon  
  62  6:53  Forge  
  62  6:58  Probe x2  
  64  7:05  Pylon  
  64  7:06  Pylon  
  64  7:11  Probe  
  64  7:13  Assimilator  
  65  7:18  Dark Templar x3  
  65  7:19  Zealot  
  65  7:22  Warp Prism  
  73  7:23  Nexus  
  73  7:26  Pylon  
  73  7:28  Pylon  
  73  7:29  Pylon  
  73  7:40  Protoss Ground Weapons Level 1  
  56  8:48  Probe  
  56  8:52  Probe  
  57  9:00  Probe  
  52  9:04  Probe  
  49  9:12  Dark Templar x2, Probe  
  49  9:13  Dark Templar  
  49  9:14  Dark Templar  
  49  9:16  Probe  
  59  9:23  Probe  
  59  9:25  Probe  
  59  9:28  Warp Prism  
  59  9:29  Pylon, Gateway  
  63  9:32  Probe, Gateway  
  63  9:33  Probe  
  63  9:34  Gateway  
  63  9:36  Gateway  
  65  9:42  Probe, Gateway  
  65  9:50  Assimilator  
  66  9:54  Probe  
  66  9:55  Assimilator, Dark Templar x2  
  66  9:56  Dark Templar  
  66  9:57  Gateway  
  66  9:59  Stalker, Gateway  
  75  10:02  Resonating Glaives  
  75  10:04  Warp Prism  
  75  10:06  Probe  
  78  10:09  Protoss Ground Armor Level 1  
  78  10:44  Dark Templar x3  
  78  10:50  Dark Templar  
  78  10:52  Zealot x2  
  78  10:53  Zealot x2  
  78  10:54  Zealot  
  82  10:57  Immortal  
  86  11:15  Zealot  
  86  11:16  Zealot  
  86  11:18  Zealot x2  
  92  11:19  Stalker x2  
  92  11:20  Zealot x2  
  92  11:25  Zealot  
  104  11:30  Probe  
  105  11:37  Immortal, Probe  
  105  11:39  Dark Templar  
  112  11:43  Archon x2  
  112  11:53  Stalker x2  
  112  11:54  Stalker x2  
  118  11:55  Stalker  
  93  13:00  Pylon  
  93  13:01  Pylon  
  47  13:35  Zealot x2  
  47  13:36  Zealot x2  
  47  13:37  Zealot  
  47  13:39  Zealot x3  
  63  13:47  Immortal  
  67  13:54  Zealot  
  67  14:06  Stalker x2  
  67  14:07  Stalker  
  67  14:08  Stalker x2  
  75  14:10  Stalker x2  
  75  14:12  Stalker  
Tags
 
Add a new tag
Caveats
  • Supply blocks, unpowered buildings, or Contaminate may cause inaccurate times.
  • Supply counts are checked every 10 seconds.